 Dungeon Crawl Stone Soup version 0.28-a0-723-g095bd1b44f (webtiles) character file.

Game seed: 9447439277481131168

62 BlueGoblin the Ducker (level 4, -2/28 HPs)
             Began as a Tengu Monk on Oct 26, 2021.
             Succumbed to an orc's poison
             ... on level 3 of the Dungeon.
             The game lasted 00:03:18 (1632 turns).

BlueGoblin the Ducker (Tengu Monk)                  Turns: 1632, Time: 00:03:18

Health: -2/28      AC:  2    Str:  9 (12) XL:     4   Next: 8%
Magic:  14/14      EV: 14    Int:  8 (10) God:
Gold:   72         SH:  0    Dex: 14 (17) Spells: 3/3 levels left

rFire   . . .      SeeInvis .   a - +0 short sword
rCold   . . .      Faith    .   (no shield)
rNeg    . . .      Spirit   .   b - +0 robe
rPois   .          Reflect  .   (helmet restricted)
rElec   .          Harm     .   (no cloak)
rCorr   .          Rampage  .   (no gloves)
Will    .....                   (boots unavailable)
Stlth   ++........              (no amulet)
HPRegen 0.09/turn               g - ring of magical power
MPRegen 0.14/turn               (no ring)

@: lethally poisoned (-2 -> -20)
A: beak, talons 3
a: no special abilities


You were on level 3 of the Dungeon.
You visited 1 branch of the dungeon, and saw 3 of its levels.

You collected 72 gold pieces.

Inventory:

Hand Weapons
 a - a +0 short sword (weapon)
Missiles
 d - 82 stones (quivered)
 e - 18 poisoned darts
Armour
 b - a +0 robe (worn)
Jewellery
 g - a ring of magical power (left hand)
Scrolls
 f - a scroll of blinking {unknown}
Potions
 c - 2 potions of berserk rage {unknown}
 h - a potion of lignification {unknown}
 j - a potion of degeneration
 k - a potion of brilliance {unknown}


   Skills:
 - Level 3.0 Fighting
 - Level 3.2 Short Blades
 + Level 5.3 Dodging
 - Level 2.0 Stealth


You had 3 spell levels left.
You didn't know any spells.
Your spell library contained the following spells:

 Spells                   Type           Power      Damage    Failure   Level
 Animate Skeleton         Necr           0%         N/A       41%         1
 Magic Dart               Conj           0%         1d3       41%         1
 Pain                     Necr           0%         1d4       41%         1
 Call Imp                 Summ           0%         N/A       54%         2
 Mephitic Cloud           Conj/Pois/Air  0%         N/A       78%         3
 Vampiric Draining        Necr           0%         2d6       78%         3
 Agony                    Necr           0%         N/A       100%        5
 Excruciating Wounds      Necr           0%         N/A       100%        5


Dungeon Overview and Level Annotations

Branches:
Dungeon (3/15)

Altars:


Innate Abilities, Weirdness & Mutations

You have a beak for a mouth.
You have claws for feet.


Message History

You climb upwards.
There is a stone staircase leading down here.
You start resting.
HP restored.
You climb downwards.
There is a stone staircase leading up here.
The orc throws a stone.
The stone completely misses you. The orc misses you.
You barely miss the orc. You claw the orc!
You kill the orc!
The orc hits you with a +0 hand axe of venom.
You are poisoned.
You feel very sick.
The orc hits you with a +0 hand axe of venom.
You are lethally poisoned!
You feel very sick.
There is a stone staircase leading up here.
You feel better.
The orc hits you with a +0 hand axe of venom!
You are lethally poisoned!
You closely miss the orc. Your kick misses the orc.
* * * LOW HITPOINT WARNING * * *
You feel very sick. The orc closely misses you.
You feel better.
The orc hits you with a +0 hand axe of venom.
You are lethally poisoned!
You closely miss the orc.
You feel very sick. The orc misses you.
You hit the orc but do no damage. Your kick misses the orc.
* * * LOW HITPOINT WARNING * * *
You feel sick.
The orc hits you with a +0 hand axe of venom.
* * * LOW HITPOINT WARNING * * *
You are more poisoned.
It was a potion of degeneration.
There was something very wrong with that liquid.
You feel weakened.
You feel dopey.
You feel clumsy.
You die...

# #..# >... ##.# #..#
.....
.....##..#######.....
#...<...##........
#.##..#...........
#..#.##.##.##.
#..#.##.# .#
#..#.##!##.#
#...).o@...##..
#)[....<....>.. #
##..##$##.######.
##.#.####.#..#
...g..#...#.##
####...###.#
#....###.#
#...#..##?#
.....##g..o.#


You could see an orc.

Vanquished Creatures
  2 adders (D:2)
  2 dart slugs
  5 orcs
  2 ball pythons (D:2)
  An endoplasm (D:2)
  A giant cockroach (D:1)
  2 goblins
  4 hobgoblins
  3 jackals (D:2)
  2 quokkas (D:1)
  2 bats
  3 frilled lizards
  2 kobolds (D:1)
  3 rats
34 creatures vanquished.

Notes
Turn   | Place    | Note
-------+----------+-------------------------------------------
     0 | D:1      | BlueGoblin the Tengu Monk began the quest for the Orb.
     0 | D:1      | Reached XP level 1. HP: 14/14 MP: 2/2
   229 | D:1      | Found a faded altar of an unknown god.
   238 | D:1      | Reached XP level 2. HP: 19/19 MP: 3/3
   292 | D:1      | Reached skill level 4 in Dodging
   880 | D:2      | Reached XP level 3. HP: 15/23 MP: 4/4
  1020 | D:2      | Noticed a necrophage
  1133 | D:2      | Reached skill level 5 in Dodging
  1403 | D:3      | Reached XP level 4. HP: 12/28 MP: 5/5
  1632 | D:3      | Succumbed to an orc's poison

Illustrated notes

Levels and vault maps discovered:
D:1:      dpeg_arrival_round_b, layout_basic, ebering_ecumenical_altar_rust
D:2:      layout_rooms, serial_aquarium, aquarium_bridge_square
          [aquarium_subvault_wall, aquarium_subvault_wall,
          aquarium_subvault_bridge, aquarium_subvault_wall],
          aquarium_window_fake, aquarium_window_3, aquarium_window_2,
          aquarium_view_2a, aquarium_pool_double, grunt_ministairs_10,
          grunt_decor_junction
D:3:      layout_loops_ring, nemelex_dance_club_becter, minmay_circle_x

Skill      XL: |  1  2  3 |
---------------+----------+-----
Dodging        | 4 5 |  5.3
Fighting       | |  3.0
Short Blades   | |  3.2
Stealth        | |  2.0

Action                   |  1- 3 |  4- 6 || total
-------------------------+-------+-------++-------
Melee: Short sword       |    84 |     7 ||    91
       Kick              |    21 |     1 ||    22
       Peck              |    10 |       ||    10
  Use: Scroll            |     3 |       ||     3
       Potion            |     1 |     3 ||     4
 Stab: Sleeping          |     7 |       ||     7
Armor: Robe              |     4 |     2 ||     6
Dodge: Dodged            |    44 |     9 ||    53

Table legend: (Time is in decaauts)
 A = Elapsed time spent in this place.
 B = Non-inter-level travel time spent in this place.
 C = Inter-level travel time spent in this place.
 D = Time resting spent in this place.
 E = Time spent auto-exploring this place.
 F = Levels seen in this place.
 G = Mean time per level.
                   A        B        C        D        E       F      G
               +--------+--------+--------+--------+--------+-----+--------+
         Total |   1627 |   1623 |      4 |    431 |    836 |   3 |  542.3 |
       Dungeon |   1627 |   1623 |      4 |    431 |    836 |   3 |  542.3 |
               +--------+--------+--------+--------+--------+-----+--------+

Top non-repeatable levels by time:
     D:1: 810 daAuts
     D:2: 732 daAuts
     D:3: 84 daAuts
